 Dungeon Crawl Stone Soup version 0.27.1-4-g1640c2035a (webtiles) character file.

Game seed: 2514272555029831328

1423 Iepvzaeh the Spear-Bearer (level 8, -8/70 HPs)
             Began as a Minotaur Berserker on Nov 2, 2021.
             Was a Priest of Trog.
             Killed by divine providence
             ... invoked by an orc priest
              (14 damage)
             ... on level 5 of the Dungeon.
             The game lasted 00:12:58 (4789 turns).

Iepvzaeh the Spear-Bearer (Minotaur Berserker)      Turns: 4789, Time: 00:12:59

Health: -8/70      AC:  9    Str: 25    XL:     8   Next: 44%
Magic:  0/7        EV: 12    Int:  4    God:    Trog [***...]
Gold:   212        SH:  7    Dex:  9    Spells: 7/7 levels left

rFire    . . .     SeeInvis .   a - +3 flail
rCold    + . .     Faith    .   w - +0 kite shield
rNeg     . . .     Spirit   +   y - +2 scale mail {rC+}
rPois    .         Reflect  .   m - +0 hat
rElec    .         Harm     .   (no cloak)
rCorr    .         Rampage  .   (no gloves)
Will     .....                  (no boots)
Stlth    ..........             v - amulet of guardian spirit
HPRegen  0.21/turn              n - +4 ring of evasion
MPRegen  0.10/turn              (no ring)

@: no status effects
A: horns 2, retaliatory headbutt
a: Renounce Religion, Berserk, Trog's Hand


You were on level 5 of the Dungeon.
You worshipped Trog.
Trog was most pleased with you.
You visited 1 branch of the dungeon, and saw 6 of its levels.

You collected 212 gold pieces.

Inventory:

Hand Weapons
 a - a +3 flail (weapon)
 e - a +0 arbalest
 D - a +0 halberd
Missiles
 f - 4 poisoned darts (quivered)
 r - 70 arrows
Armour
 m - a +0 hat (worn)
 w - a +0 kite shield (worn)
 y - a +2 scale mail of cold resistance (worn)
Jewellery
 n - a +4 ring of evasion (left hand)
 v - an amulet of guardian spirit (around neck)
Wands
 B - a wand of acid (8)
 C - a wand of paralysis (9)
 E - a wand of iceblast (6)
Scrolls
 g - 9 scrolls of teleportation {unknown}
 h - 2 scrolls of immolation {unknown}
 i - 2 scrolls of fear {unknown}
 k - a scroll of enchant armour {unknown}
 l - 2 scrolls of noise {unknown}
 q - 2 scrolls of magic mapping {unknown}
 t - a scroll of blinking {unknown}
 u - a scroll of enchant weapon {unknown}
 z - a scroll of fog {unknown}
 F - a scroll of identify {unknown}
Potions
 b - a potion of degeneration {unknown}
 c - 2 potions of magic {unknown}
 d - 3 potions of curing {unknown}
 j - 2 potions of flight {unknown}
 o - 3 potions of lignification {unknown}
 p - a potion of brilliance {unknown}
 s - a potion of haste {unknown}
 x - a potion of might {unknown}
 A - a potion of ambrosia {unknown}
 G - a potion of invisibility {unknown}


   Skills:
 + Level 5.8 Fighting
 + Level 1.9 Maces & Flails
 + Level 8.9 Polearms
 + Level 3.6 Throwing
 + Level 4.8 Armour
 + Level 4.4 Dodging
 + Level 1.4 Stealth
 + Level 0.1 Shields
 + Level 0.1 Evocations


You had 7 spell levels left.
You didn't know any spells.
Your spell library was empty.

Dungeon Overview and Level Annotations

Branches:
Dungeon (6/15)             Temple (0/1) D:5

Altars:
Cheibriados
Fedhas
Gozag
Makhleb
Qazlal
Trog
Wu Jian
Yredelemnul


Innate Abilities, Weirdness & Mutations

You have a pair of horns on your head.
You reflexively headbutt those who attack you in melee.


Message History

An orc comes into view. It is wielding a +0 club.
You barely miss the ogre.
The orc shouts!
You headbutt the ogre.
You kill the ogre!
Trog accepts your kill.
The orc priest calls down the wrath of Beogh upon you.
You struggle to resist.
Your life force feels restored.
The orc priest miscasts a cantrip.
There is a stone staircase leading up here.
You climb upwards.
There is a stone staircase leading down here.
You start resting.
Magic restored.
You climb downwards.
The orc priest barely misses you.
There is a stone staircase leading up here.
You hit the orc priest. Your headbutt misses the orc priest.
The orc priest is heavily wounded.
The orc priest invokes the aid of Beogh against you.
Beogh smites you!
The orc priest hits you with a +0 flail.
You completely miss the orc priest.
The orc priest is heavily wounded.
You block the orc priest's attack. The orc barely misses you.
The orc priest invokes the aid of Beogh against you.
Beogh smites you!
* * * LOW HITPOINT WARNING * * *
The orc hits you with a +0 club.
* * * LOW HITPOINT WARNING * * *
You climb upwards.
There is a stone staircase leading down here.
You block the orc's attack.
The orc priest mumbles some strange prayers to Beogh against you.
Beogh smites you!
* * * LOW HITPOINT WARNING * * *
The orc priest invokes the aid of Beogh against you.
Beogh smites you!
You die...

###### #....# #....# #....# ##
######....########### #. ###
#.........##........# #. ..###
#.###.....@.o.......######.
#...###..###....##.oo...........(
###..###.# #....##........######.
##.# #.# #.##...###..#### #. #.#
#.# #.####...>...# #. #.# #.# #.#
#####[..# #. #.# #.# #.# #...###
## #.# #.# #.# ##...[#######
####.###.# #.# #...........


You could see an orc priest and 2 orcs.

Vanquished Creatures
  Sigmund (D:3)
  A necrophage (D:5)
  3 ogres
  A phantom (D:4)
  A scorpion (D:4)
  A water moccasin skeleton (D:4)
  4 wights
  A howler monkey (D:5)
  An orc priest (D:6)
  4 hounds
  A centaur skeleton (D:5)
  An iron imp (D:3)
  Ijyb (D:4)
  5 iguanas
  An orc wizard (D:5)
  A hound zombie (D:5)
  A hound skeleton (D:5)
  A howler monkey skeleton (D:4)
  2 adders
  A white imp (D:5)
  A worm (D:4)
  2 dart slugs
  18 orcs
  3 ball pythons (D:1)
  6 endoplasms
  4 giant cockroaches
  4 goblins
  7 hobgoblins
  3 jackals (D:4)
  4 kobolds
  6 quokkas
  2 bats
  3 frilled lizards
  3 rats
  A spectral hobgoblin (D:1)
100 creatures vanquished.

Notes
Turn   | Place    | Note
-------+----------+-------------------------------------------
     0 | D:1      | Iepvzaeh the Minotaur Berserker began the quest for the
                  | Orb.
     0 | D:1      | Reached XP level 1. HP: 19/19 MP: 0/0
   170 | D:1      | Reached XP level 2. HP: 13/27 MP: 1/1
   523 | D:1      | Reached skill level 4 in Polearms
   717 | D:1      | Found a faded altar of an unknown god.
  1314 | D:2      | Reached XP level 3. HP: 33/33 MP: 2/2
  2218 | D:3      | Reached ** piety under Trog
  2321 | D:3      | Found a bloodstained altar of Trog.
  2405 | D:3      | Noticed Sigmund
  2423 | D:3      | Killed Sigmund
  2424 | D:3      | Reached XP level 4. HP: 31/41 MP: 3/3
  2424 | D:3      | Reached XP level 5. HP: 36/47 MP: 4/4
  2740 | D:3      | Found a snail-covered altar of Cheibriados.
  2747 | D:3      | Reached skill level 5 in Polearms
  2747 | D:3      | Reached skill level 1 in Stealth
  2861 | D:4      | Reached XP level 6. HP: 49/55 MP: 5/5
  2905 | D:4      | Found a blossoming altar of Fedhas.
  3038 | D:4      | Identified the +0 robe of Prudence {Will+ Dex+4}
  3087 | D:4      | Noticed Ijyb
  3108 | D:4      | Killed Ijyb
  3109 | D:4      | Reached skill level 5 in Fighting
  3379 | D:4      | Reached skill level 6 in Polearms
  3386 | D:4      | Found a stormy altar of Qazlal.
  3792 | D:5      | Entered Level 5 of the Dungeon
  3802 | D:5      | Reached XP level 7. HP: 55/61 MP: 4/6
  4006 | D:5      | Reached skill level 7 in Polearms
  4095 | D:5      | Reached *** piety under Trog
  4103 | D:5      | Found a basalt altar of Yredelemnul.
  4111 | D:5      | Found a burning altar of Makhleb.
  4115 | D:5      | Found an opulent altar of Gozag.
  4282 | D:5      | Reached XP level 8. HP: 68/69 MP: 7/7
  4388 | D:5      | Found a staircase to the Ecumenical Temple.
  4565 | D:6      | Reached skill level 8 in Polearms
  4663 | D:6      | Found an ornate altar of the Wu Jian Council.
  4723 | D:5      | Reached skill level 1 in Maces & Flails
  4789 | D:5      | Killed from afar by an orc priest

Illustrated notes

Levels and vault maps discovered:
D:1:      dpeg_arrival_simpleton_c, layout_loops_ring,
          dreamdust_ecumenical_altar_drowned_temple
D:2:      layout_loops_corners, minmay_statues_item, minivault_25
D:3:      layout_rooms, slow_altar_1, bloody_trog, uniq_sigmund
D:4:      layout_loops_ring, mainiacjoe_overflow_surrounded_room,
          marbit_many_paths, uniq_ijyb
D:5:      layout_rooms, minmay_overflow_temple_star_quad,
          minmay_temple_entry_overgrown
D:6:      layout_rooms, general_overflow_altar, ebering_ghost_reflecting_pool

Skill      XL: |  1  2  3  4  5  6  7  8 |
---------------+-------------------------+-----
Fighting       | 4 5 |  5.8
Polearms       | 4 5 6 7 8 |  8.9
Throwing       | 2 3 |  3.6
Armour         | 3 4 |  4.8
Dodging        | 3 4 |  4.4
Stealth        | 1 |  1.4
Maces & Flails | 1 |  1.9
Shields        | |  0.1
Evocations     | |  0.1

Action                   |  1- 3 |  4- 6 |  7- 9 || total
-------------------------+-------+-------+-------++-------
Melee: Spear             |    84 |       |       ||    84
       Headbutt          |    11 |     8 |    13 ||    32
       Halberd           |    24 |    98 |    64 ||   186
       Flail             |       |       |    27 ||    27
Throw: Dart              |    30 |    30 |     9 ||    69
Evoke: Wand              |       |       |     4 ||     4
 Stab: Sleeping          |     2 |       |       ||     2
Armor: Animal skin       |    10 |       |       ||    10
       Ring mail         |     6 |     1 |       ||     7
       Skin              |       |    66 |       ||    66
       Scale mail        |       |    17 |    25 ||    42
Dodge: Dodged            |    51 |    68 |    46 ||   165
Block: Kite shield       |       |       |    14 ||    14
